Map: 新奇之地-天梯版

Players

芜湖卡戴珊

  • Race: Terran Terran
  • League: Diamond

hAppynOOb - Winner!

  • Race: Protoss Protoss
  • League: Diamond

VOD

Have the link to the VOD?

Description

Time

  • Played on: Feb. 19, 2022, 1:24 p.m.
  • Length: 10:28
Show
View Real Time Build Order
Export as new Build Order

芜湖卡戴珊 Terran 

Build Orders: 2 Factory, Cyclone Opening 

Get SALT Encoding   

  12  0:00  SCV  
  13  0:12  SCV  
  14  0:17  Supply Depot  
  14  0:24  SCV  
  15  0:38  SCV  
  15  0:40  Barracks  
  16  0:44  Refinery  
  16  0:50  SCV  
  16  0:54  Refinery  
  17  1:03  SCV  
  18  1:09  Engineering Bay  
  18  1:15  SCV  
  19  1:29  Orbital Command  
  19  1:40  Factory  
  19  1:45  Marine  
  20  1:59  SCV  
  20  2:01  Supply Depot  
  21  2:05  Marine  
  22  2:11  SCV  
  23  2:23  Marine  
  23  2:26  Factory Tech Lab  
  23  2:28  Factory  
  24  2:30  Supply Depot  
  24  2:32  SCV  
  25  2:44  SCV, Barracks Reactor  
  26  2:47  Cyclone  
  29  2:56  SCV  
  30  3:05  Mag-Field Accelerator  
  30  3:15  SCV  
  30  3:16  Factory Tech Lab  
  31  3:36  Command Center  
  31  3:37  Cyclone  
  34  3:46  SCV  
  35  3:58  SCV, Supply Depot  
  35  4:00  Marine x2  
  38  4:11  SCV  
  39  4:19  Marine x2  
  39  4:20  Cyclone  
  39  4:23  SCV  
  45  4:27  Supply Depot  
  45  4:28  Supply Depot  
  45  4:35  SCV  
  46  4:47  SCV  
  46  4:48  Orbital Command  
  46  4:51  Marine x2  
  49  4:56  Starport  
  49  4:59  SCV, Supply Depot  
  50  5:06  Cyclone x2  
  56  5:11  SCV, Marine x2  
  59  5:20  Barracks  
  59  5:23  SCV  
  59  5:24  SCV  
  61  5:34  Engineering Bay  
  62  5:35  SCV  
  62  5:36  SCV, Refinery  
  62  5:41  Supply Depot  
  63  5:44  Starport Reactor  
  63  5:47  SCV  
  64  5:58  Cyclone x2  
  64  6:02  SCV  
  64  6:03  SCV  
  72  6:06  Refinery  
  72  6:09  Supply Depot  
  72  6:10  Terran Infantry Weapons Level 1  
  72  6:12  Barracks Tech Lab  
  72  6:14  Barracks  
  72  6:15  SCV x2  
  74  6:18  Marine x2  
  76  6:27  SCV x2  
  81  6:36  Marine x2  
  47  6:55  SCV x2  
  43  7:03  Barracks Tech Lab  
  43  7:07  Supply Depot, Raven  
  29  7:20  SCV x2  
  30  7:25  Missile Turret  
  30  7:32  SCV x2  
  30  7:36  Command Center  
  30  7:58  SCV x2  
  32  8:00  Cyclone  
  35  8:10  SCV x2  
  37  8:22  SCV x2  
  39  8:30  Stimpack  
  39  8:33  Marine  
  40  8:34  SCV x2  
  40  8:36  Marine x2  
  40  8:39  Marine  
  45  8:46  SCV x2  
  47  8:58  SCV x2  
  49  9:03  Medivac x2  
  53  9:10  SCV  
  53  9:11  SCV  
  55  9:20  Orbital Command  
  55  9:22  SCV  
  55  9:23  SCV  
  57  9:35  SCV x2  
  59  9:39  Marauder x2, Marine x2  
  59  9:44  Liberator  
  68  9:47  SCV  
  68  9:48  SCV x2  
  71  9:58  Refinery  
  71  10:04  SCV x2  
  71  10:06  SCV  
  74  10:07  Marine x2  
Show
View Real Time Build Order
Export as new Build Order

hAppynOOb Protoss - Winner!

Build Orders: Archon Immortal, Dark Templar Rush 

Get SALT Encoding   

  12  0:00  Probe  
  13  0:13  Probe  
  14  0:17  Pylon  
  14  0:25  Probe  
  15  0:37  Gateway, Probe (Chrono Boost)  
  16  0:49  Probe (Chrono Boost), Assimilator  
  17  0:55  Probe (Chrono Boost)  
  18  1:03  Probe  
  19  1:15  Probe  
  20  1:27  Zealot  
  20  1:31  Cybernetics Core  
  20  1:32  Probe  
  23  1:37  Assimilator  
  23  1:39  Pylon  
  23  1:57  Probe (Chrono Boost)  
  24  2:05  Adept (Chrono Boost)  
  24  2:08  Warp Gate  
  27  2:09  Probe (Chrono Boost)  
  27  2:15  Probe (Chrono Boost)  
  28  2:23  Probe  
  29  2:30  Stalker  
  31  2:38  Twilight Council  
  31  2:40  Nexus  
  31  2:57  Robotics Facility  
  31  3:09  Pylon  
  31  3:27  Probe  
  31  3:33  Shield Battery  
  30  3:37  Dark Shrine  
  30  3:39  Probe  
  31  3:42  Gateway  
  31  3:43  Gateway  
  31  3:45  Immortal (Chrono Boost)  
  35  3:54  Probe x2  
  37  4:01  Stalker  
  39  4:06  Probe  
  39  4:08  Probe  
  41  4:18  Probe  
  41  4:20  Pylon, Probe  
  43  4:32  Stalker  
  43  4:35  Probe x2  
  43  4:37  Immortal (Chrono Boost)  
  51  4:48  Shield Battery  
  51  4:50  Pylon  
  51  4:55  Sentry x2  
  51  4:59  Probe x2  
  57  5:01  Assimilator  
  57  5:06  Warp Prism (Chrono Boost)  
  60  5:21  Probe x2  
  60  5:22  Stalker  
  60  5:23  Stalker x2  
  60  5:28  Pylon  
  67  5:36  Pylon  
  65  6:04  Dark Templar  
  65  6:05  Dark Templar  
  65  6:07  Stalker  
  71  6:15  Immortal  
  71  6:16  Gateway  
  71  6:18  Probe x2  
  77  6:19  Gateway x2  
  77  6:21  Assimilator  
  77  6:24  Pylon  
  77  6:30  Probe x2  
  79  6:44  Stalker x2  
  79  6:59  Probe  
  79  7:00  Probe  
  81  7:05  Zealot  
  81  7:07  Immortal  
  87  7:13  Robotics Bay  
  87  7:19  Nexus  
  85  7:28  Zealot x3  
  85  7:29  Zealot  
  93  7:35  Pylon  
  93  7:37  Pylon  
  93  7:38  Pylon  
  93  7:41  Pylon  
  93  7:57  Colossus (Chrono Boost)  
  93  8:02  Extended Thermal Lance  
  97  8:08  Forge  
  97  8:09  Forge, Probe  
  97  8:12  Gateway, Probe  
  99  8:23  Probe (Chrono Boost)  
  99  8:25  Probe (Chrono Boost)  
  101  8:36  Warp Prism (Chrono Boost)  
  101  8:39  Probe (Chrono Boost)  
  105  8:41  Probe (Chrono Boost)  
  105  8:42  Probe (Chrono Boost)  
  105  8:47  Probe  
  107  8:51  Probe  
  107  8:53  Probe  
  109  8:59  Gateway, Probe  
  109  9:00  Gateway  
  110  9:04  Templar Archives  
  110  9:07  Probe x2  
  112  9:11  Probe  
  112  9:13  Shield Battery  
  113  9:19  Probe x2  
  115  9:25  Immortal (Chrono Boost)  
  115  9:28  Assimilator  
  119  9:32  Assimilator  
  119  9:44  High Templar x2  
  119  9:45  High Templar x2  
  127  9:46  Zealot x3  
  127  9:51  Archon x2  
  133  10:03  Gateway  
  133  10:05  Gateway  
  133  10:08  Robotics Facility  
  133  10:11  Pylon  
  139  10:18  Pylon  
  131  10:23  Stalker x3  
  131  10:24  Zealot x3  
Tags
 
Add a new tag
Caveats
  • Supply blocks, unpowered buildings, or Contaminate may cause inaccurate times.
  • Supply counts are checked every 10 seconds.